 Dungeon Sprint DCSS version bcrawl-1.21.3-16-g7f46a08de7 (webtiles) character file.

Game seed: 995887272396253140

46 Dyss the Destroyer (level 3, 0/21 HPs)
             Began as a Fairy Conjurer on Apr 28, 2020.
             Slain by a worker ant (5 damage)
             ... in the Dungeon (Sprint II: "The Violet Keep of Menkaure").
             The game lasted 00:00:27 (26 turns).

Dyss the Destroyer (Fairy Conjurer)                   Turns: 26, Time: 00:00:28

Health: 0/21       AC:  4    Str:  6    XL:     3   Next: 68%
Magic:  9/9        EV: 16    Int: 19    God:
Gold:   0          SH:  4    Dex: 12    Spells: 6/7 levels left

rFire    . . .     SeeInvis .   (weapon restricted)
rCold    . . .     Gourm    .   (shield restricted)
rNeg     . . .     Faith    .   (armour unavailable)
rPois    .         Spirit   .   (no helmet)
rElec    .         Reflect  .   (no cloak)
rCorr    .         Harm     .   (no gloves)
MR       .....     NoTele   +   (no boots)
Stlth    +.........             (no amulet)
HPRegen  0.07/turn              (no ring)
MPRegen  0.11/turn              (no ring)

@: lethally poisoned (0 -> -7), berserk cooldown, flying evasively, slowed, very
slow
A: small, magic attunement, unstealthy, unfitting armour, able to fly, AC/SH +4
a: Stop Flying


You were in the Dungeon.
You were not hungry.

You visited 1 branch

Inventory:

Scrolls
 h - a scroll of blinking
Potions
 b - 3 potions of magic
 c - a potion of heal wounds
 d - a potion of curing
 f - a potion of haste
Comestibles
 e - a ration {!d}


   Skills:
 - Level 2.6 Dodging
 - Level 1.5 Stealth
 - Level 2.6 Spellcasting
 + Level 9.6 Conjurations


You had 6 spell levels left.
You knew the following spells:

 Your Spells              Type           Power        Failure   Level  Hunger
a - Magic Dart            Conj           ####         1%          1    None

Your spell library contained the following spells:

 Spells                   Type           Power        Failure   Level  Hunger
 Searing Ray              Conj           #####...     1%          2    None
 Iskenderun's Mystic Bla  Conj           #####...     1%          3    None
 Fulminant Prism          Conj/Hex       ###.......   22%         4    None
 Irradiate                Conj/Tmut      ###.......   52%         5    None


Dungeon Overview and Level Annotations

Branches:
Dungeon (1/1)

Altars:


Innate Abilities, Weirdness & Mutations

Your spells do not cause hunger and MP costs are reduced by 1.
Your bright wings attract enemies. (Stealth-)
You cannot fit into any form of body armour.
Your shimmering scales are hard and can block incoming attacks. (AC +4, SH +4)
You are small and have problems with some larger weapons.
You can fly continuously.


Message History

* * * LOW HITPOINT WARNING * * *
The worker ant barely misses you.
Casting: Magic Dart (safe; 1% risk of failure)
Confirm with . or Enter, or press ? or * to list all spells.
Aiming: Magic Dart (safe; 1% risk of failure)
Press: ? - help, Shift-Dir - straight line, f/p - worker ant
Aim: a worker ant (lightly wounded)
The magic dart hits the worker ant.
The worker ant is moderately wounded.
You block the worker ant's attack.
Casting: Magic Dart (safe; 1% risk of failure)
Confirm with . or Enter, or press ? or * to list all spells.
Aiming: Magic Dart (safe; 1% risk of failure)
Press: ? - help, Shift-Dir - straight line, f/p - worker ant
Aim: a worker ant (moderately wounded)
The magic dart hits the worker ant.
The worker ant is moderately wounded.
* * * LOW HITPOINT WARNING * * *
You feel sick. The worker ant barely misses you. The worker ant bites you.
You die...

# #+# .#
##.##..#
+.<@a#
##.##a.#
#+# .# #


You could see 2 worker ants.

Vanquished Creatures
  2 worker ants (D)
2 creatures vanquished.

Notes
Turn   | Place    | Note
-------+----------+-------------------------------------------
     0 | D        | Dyss the Fairy Conjurer began the quest for the Orb.
     0 | D        | Reached XP level 1. HP: 11/11 MP: 6/6
     1 | D        | Noticed a worker ant
     1 | D        | Noticed a worker ant
     1 | D        | Noticed a worker ant
     1 | D        | Noticed a worker ant
     7 | D        | Killed a worker ant
     7 | D        | Reached skill level 8 in Conjurations
     7 | D        | Reached XP level 2. HP: 17/17 MP: 7/7
     7 | D        | Reached XP level 3. HP: 21/21 MP: 9/9
    20 | D        | Reached skill level 9 in Conjurations
    26 | D        | Slain by a worker ant

Skill      XL: |  1  2  3 |
---------------+----------+-----
Conjurations   | 8 9 |  9.6
Dodging        | |  2.6
Stealth        | |  1.5
Spellcasting   | |  2.6

Action                   || total
-------------------------++-------
Melee: Unarmed           ||    21
 Cast: Magic Dart        ||     3
  Use: Potion            ||     1
Armor: Skin              ||     2
Dodge: Dodged            ||    10
Block: Other             ||     2
